 Dungeon Crawl Stone Soup version 0.20.1-1-g8b1a95d (webtiles) character file.

439232 troglodite the Hoplite (level 22, -12/190 HPs)
             Began as a Demonspawn Berserker on Dec 19, 2017.
             Was the Champion of Trog.
             Splashed by an ancient lich's acid (15 damage)
             ... on level 5 of the Vaults on Dec 20, 2017.
             The game lasted 03:52:21 (58400 turns).

troglodite the Hoplite (Demonspawn Berserker)      Turns: 58400, Time: 03:52:23

Health: -12/190    AC: 40    Str: 24    XL:     22   Next: 67%
Magic:  22/22      EV: 25    Int: 14    God:    Trog [******]
Gold:   3161       SH: 21    Dex: 36    Spells: 21/21 levels left

rFire    + . .     SeeInvis .   i - +9 quick blade (elec)
rCold    . . .     Gourm    .   U - +2 shield {AC+3}
rNeg     + . .     Faith    .   m - +7 plate armour "Wuet" {rF- MR+++ Dex+7}
rPois    .         Spirit   .   (helmet unavailable)
rElec    .         Reflect  .   l - +2 cloak
rCorr    .         Harm     .   o - +2 pair of gloves
MR       +++++     Clarity  +   V - +2 pair of boots of a volcano {rF+}
Stlth    ..........             A - amulet of regeneration
Regen    0.9/turn               B - ring "Koom" {EV+3 Int+5 Dex+7 Stlth-}
MPRegen  0.2/turn               k - ring "Bean" {*Drain rN+ Str+2 Dex+4}

@: very slightly contaminated
A: horns 3, rugged brown scales 2, clarity, demonic guardian 1, fire resistance
1, magic resistance 1, spiny 3, flame cloud immunity
}: 3/15 runes: serpentine, barnacled, silver
a: Berserk, Trog's Hand, Brothers in Arms, Burn Spellbooks, Renounce Religion


You were on level 5 of the Vaults.
You worshipped Trog.
Trog was exalted by your worship.
You were not hungry.

You visited 7 branches of the dungeon, and saw 39 of its levels.
You also visited: Sewer.

You collected 4466 gold pieces.
You spent 1305 gold pieces at shops.

Inventory:

Hand Weapons
 i - a +9 quick blade of electrocution (weapon)
 t - the +3 rapier of False Accusations {freeze, rF+ MR- Str+5 Dex+4}
   (You bought it in a shop on level 2 of the Orcish Mines)

   It has been specially enchanted to freeze those struck by it, causing extra
   injury to most foes and up to half again as much damage against particularly
   susceptible opponents.
   It can also slow down cold-blooded creatures.
   It affects your strength (+5).
   It affects your dexterity (+4).
   It protects you from fire.
   It affects your resistance to hostile enchantments.
 D - the +7 dagger "Peufud" {pierce, Int+3}
   (You found it on level 4 of the Lair of Beasts)

   It inflicts extra damage upon your enemies.
   It affects your intelligence (+3).
 H - a +9 antimagic demon blade
 L - a +6 falchion of flaming
Armour
 l - a +2 cloak (worn)
 m - the +7 plate armour "Wuet" (worn) {rF- MR+++ Dex+7}
   (You found it on level 2 of the Shoals)

   It affects your dexterity (+7).
   It makes you vulnerable to fire.
   It affects your resistance to hostile enchantments.
 o - a +2 pair of gloves (worn)
 U - a +2 shield of protection (worn)
 V - the +2 pair of boots of a volcano (worn) {rF+}
   (You found it on level 3 of the Elven Halls)

   It protects you from fire.
Jewellery
 k - the ring "Bean" (right hand) {*Drain rN+ Str+2 Dex+4}
   (You took it off a deep elf blademaster on level 3 of the Elven Halls)

   [ring of strength]

   It affects your strength (+2).
   It affects your dexterity (+4).
   It protects you from negative energy.
   It causes draining when unequipped.
 s - an uncursed ring of resist corrosion
 A - an amulet of regeneration (around neck)
 B - the ring "Koom" (left hand) {EV+3 Int+5 Dex+7 Stlth-}
   (You took it off a deep elf death mage on level 3 of the Elven Halls)

   [ring of evasion]

   It affects your evasion (+3).
   It affects your intelligence (+5).
   It affects your dexterity (+7).
   It makes you less stealthy.
 S - the ring of Leoloycu {rElec MP+9 Int+6 Stlth+}
   (You took it off a deep elf death mage on level 3 of the Elven Halls)

   [ring of stealth]

   It affects your intelligence (+6).
   It insulates you from electricity.
   It affects your magic capacity (+9).
   It makes you more stealthy.
Scrolls
 c - a scroll of summoning
 e - 7 scrolls of remove curse
 j - 19 scrolls of teleportation
 y - 9 scrolls of fear
 I - 2 scrolls of silence
 J - 12 scrolls of identify
 M - a scroll of recharging
 W - a scroll of magic mapping
 Y - 6 scrolls of fog
Potions
 b - 5 potions of mutation
 d - 12 potions of curing
 f - 6 potions of haste
 h - 11 potions of agility
 n - 5 potions of flight
 q - 4 potions of lignification
 r - 4 potions of might
 u - 13 potions of heal wounds
 v - 2 potions of berserk rage
 w - 5 potions of magic
 z - 3 potions of brilliance
 E - 6 potions of ambrosia
 K - 3 potions of cancellation
 N - 5 potions of resistance
 Q - 2 potions of invisibility
Comestibles
 g - 19 royal jellies
 p - 19 meat rations
 P - 16 fruits


   Skills:
 * Level 17.1 Fighting
 + Level 11.5(12.8) Short Blades
 + Level 9.6(11.9) Long Blades
   Level 2.0 Maces & Flails
 * Level 15.7 Armour
 * Level 14.7 Dodging
 - Level 7.0 Stealth
 * Level 21.6 Shields


You had 21 spell levels left.
You didn't know any spells.

Dungeon Overview and Level Annotations

Branches:
Dungeon (15/15)            Temple (0/1) D:5            Lair (6/6) D:11
 Shoals (4/4) Lair:3        Snake (4/4) Lair:2        Slime (0/5) Lair:6
    Orc (2/2) D:11            Elf (3/3) Orc:2        Vaults (5/5) D:14
  Crypt (0/3) Vaults:2     Depths (0/5) D:15

Altars:
Ashenzari
Fedhas
Kikubaaqudgha
Makhleb
Nemelex Xobeh
Okawaru
Qazlal
Ru
Sif Muna
Trog
Vehumet
Xom
Beogh

Shops:
D:7 *[:   D:11 (   D:15 %   Orc:2 :([=[**(   Elf:1 }   Elf:3 !   Snake:1 !=[
Snake:3 [   Snake:4 *   Vaults:3 %[*?*

Portals:
Trove: Vaults:1 (show slimy rune of Zot)


Innate Abilities, Weirdness & Mutations

You have a pair of large horns on your head.
You are mostly covered in rugged brown scales. (AC +2, +5% HP)
A weak demonic guardian rushes to your aid.
Your flesh is heat resistant. (rF+)
You are completely covered in sharp spines.
You are immune to clouds of flame.
You possess an exceptional clarity of mind.
You are resistant to hostile enchantments. (MR+)


Message History

The ancient lich touches you but does no damage.
The deep elf high priest intones a terrible prayer.
The deep elf high priest invokes the aid of its god against you.
Something smites you!
* * * LOW HITPOINT WARNING * * *
The ancient lich completely misses you.
Your shadow imp closely misses the ancient lich.
You hit the ancient lich but do no damage.
You headbutt the ancient lich, but do no damage.
The ancient lich is heavily damaged.
The ettin hits your shadow imp with a dire flail!
Your shadow imp dies!
Unknown command.
You hit the ancient lich. You headbutt the ancient lich.
The ancient lich is heavily damaged.
The ancient lich casts a spell at you. The bolt of acid hits you!
* * * LOW HITPOINT WARNING * * *
You are splashed with acid!
The acid burns!
You die...

#..#..e....#........ ...
#..#..L....#.#.#.#.# ..
#..#..#............. #.
#..#L.#............. .. #.
#..#..###..#.#.#.#.# #..###.
#..#................ .......
#................(.. ......(
#....#######################
#....(e.C.L@.5..............
#....))..T..................
#....................|......
#..)..........[.....(.......
#....#######################
#............ ..
#.(#......... ...
#.(#..####### #..#.
#.(#........ ...#.


You could see an ancient lich, an ettin, a deep elf high priest, a friendly iron
troll (berserk) and a friendly iron imp.

Vanquished Creatures
  Mara (Shoals:4)
  Frederick (Vaults:3)
  Saint Roka (Snake:2)
  Nikola (Snake:1)
  2 golden dragons (Vaults:5)
  Asterion (Elf:1)
  2 deep elf master archers (Elf:3)
  4 titans
  3 deep elf blademasters
  An ancient champion (Vaults:2)
  Gastronok (Lair:1)
  4 sphinxes
  2 tengu reavers
  A shadow dragon (Vaults:5)
  Ilsuiw (Shoals:4)
  Donald (Shoals:4)
  Agnes (Snake:2)
  2 fire giants (Vaults:4)
  2 storm dragons (Vaults:5)
  9 nagarajas
  18 vault wardens
  Aizul (Vaults:4)
  6 frost giants
  2 war gargoyles
  An orc warlord (Orc:1)
  A curse skull (Vaults:2)
  9 stone giants
  8 deep elf elementalists
  2 very ugly things (Vaults:5)
  22 ironheart preservers
  An emperor scorpion (D:15)
  2 entropy weavers
  A dire elephant (D:15)
  3 deep elf demonologists (Elf:3)
  A vampire knight (Vaults:2)
  Nessos (Orc:2)
  8 deep elf annihilators
  Azrael (Orc:2)
  5 ettins
  Snorg (D:14)
  Josephine (Orc:1)
  6 merfolk javelineers
  6 deep elf death magi
  10 merfolk impalers
  13 yaktaur captains
  A crystal guardian (Vaults:4)
  4 deep elf high priests
  3 fire dragons
  The ghost of kibaces the Fighter, a journeyman DrFi of Okawaru (D:11)
  3 great orbs of eyes
  2 ice dragons
  9 ogre magi
  33 vault guards
  A rakshasa (Vaults:3)
  4 anacondas
  4 merfolk avatars
  14 naga warriors
  3 alligator snapping turtles (Shoals:4)
  Harold (Lair:3)
  3 hydras
  8 merfolk aquamancers
  7 centaur warriors
  The ghost of toffzen the Schismatic, a novice MiAK of Lugonu (D:8)
  31 dancing weapons
  19 two-headed ogres
  A satyr (Shoals:3)
  2 death knights (D:14)
  2 deep troll shamans
  5 orc high priests
  6 death yaks
  A deep troll earth mage (Vaults:5)
  9 naga sharpshooters
  5 shock serpents
  A tengu warrior (D:14)
  A small abomination (Elf:3)
  Nergalle (Orc:1)
  22 deep elf knights
  A salamander mystic (Snake:3)
  2 shadow wraiths (Vaults:2)
  2 flayed ghosts
  An unseen horror (shapeshifter) (Vaults:1)
  10 sea snakes
  2 unseen horrors
  4 naga ritualists (Snake:4)
  12 deep trolls
  9 deep elf archers
  3 wizards
  2 glowing orange brains
  23 harpies
  Pikel (D:6)
  13 orc knights
  A phantasmal warrior (Vaults:5)
  A necromancer (Vaults:2)
  22 ironbrand convokers
  A mana viper (shapeshifter) (Vaults:4)
  2 lindwurms (Lair:6)
  27 ugly things
  8 mana vipers
  3 wolf spiders (Vaults:4)
  3 cyclopes
  15 fauns
  4 elephants (Lair:5)
  12 manticores
  4 orc sorcerers
  A faun (shapeshifter) (Vaults:5)
  A shining eye (shapeshifter) (Vaults:5)
  55 deep elf magi
  A salamander (shapeshifter) (D:13)
  4 merfolk sirens (Shoals:1)
  9 salamanders
  9 water nymphs
  Maurice (Orc:1)
  26 black mambas
  13 vault sentinels
  3 centaur zombies
  6 torpor snails (Lair:6)
  5 guardian serpents
  29 naga magi
  8 spiny frogs
  A gargoyle (D:11)
  38 yaktaurs
  2 kobold demonologists
  A komodo dragon (shapeshifter) (Vaults:5)
  A redback zombie (D:14)
  A rime drake (Lair:4)
  8 freezing wraiths
  30 merfolk
  A queen bee (shapeshifter) (Vaults:3)
  3 komodo dragons
  A troll (shapeshifter) (Vaults:4)
  11 trolls
  9 hornets
  4 polar bears
  3 tyrant leeches (Lair:6)
  4 wind drakes
  A stone giant simulacrum (Vaults:3)
  Prince Ribbit (Lair:1)
  10 blink frogs
  A raiju (shapeshifter) (Vaults:2)
  6 snapping turtles
  21 dream sheep
  Sigmund (D:5)
  A frost giant simulacrum (Vaults:3)
  9 hippogriffs
  12 slime creatures
  5 air elementals
  A spriggan (D:14)
  A spriggan (shapeshifter) (Vaults:4)
  A shadow (D:12)
  A tarantella (shapeshifter) (Vaults:4)
  5 wraiths (Orc:1)
  5 redbacks
  6 water elementals
  A basilisk (shapeshifter) (Vaults:3)
  48 yaks
  5 fire elementals
  6 basilisks
  A human (D:14)
  6 vampire mosquitoes
  6 wyverns
  A human simulacrum (Vaults:3)
  4 hungry ghosts
  52 nagas
  7 wargs
  A warg (shapeshifter) (Vaults:4)
  2 acid dragons
  14 water moccasins
  3 hell hounds
  8 porcupines
  2 soldier ants
  3 ice beasts
  3 phantoms
  6 black bears
  An eye of draining (shapeshifter) (Vaults:1)
  2 eyes of draining
  41 orc warriors
  6 sky beasts
  25 ogres
  4 boggarts
  A necrophage (D:13)
  4 wolves (Lair:6)
  34 centaurs
  A crocodile (shapeshifter) (Vaults:4)
  14 crocodiles
  A centaur (shapeshifter) (Vaults:4)
  3 big kobolds
  21 bullfrogs
  An earth elemental (Elf:1)
  A gnoll sergeant (D:7)
  A deep troll simulacrum (Vaults:2)
  A wyvern zombie (D:13)
  A scorpion (shapeshifter) (Vaults:2)
  A water moccasin zombie (D:11)
  4 scorpions
  4 killer bees (D:9)
  18 wights
  3 howler monkeys
  6 crimson imps
  9 jellies
  A quasit (D:8)
  A yaktaur simulacrum (Vaults:1)
  5 hounds
  5 bullfrog skeletons
  28 orc priests
  Jessica (D:2)
  Terence (D:2)
  4 iguanas
  Natasha (thrice) (D:2)
  24 orc wizards
  12 worker ants
  A worker ant zombie (D:5)
  9 gnolls
  31 adders
  2 river rats
  3 shadow imps
  8 oozes
  14 worms
  3 dart slugs
  6 leopard geckos
  81 orcs
  12 ball pythons
  5 giant cockroaches
  4 goblins
  9 hobgoblins
  4 jackals (D:4)
  25 kobolds
  5 quokkas
  9 bats
  8 frilled lizards
  A quokka skeleton (D:10)
  A quokka zombie (D:7)
  14 rats
  6 crawling corpses (Elf:3)
  5 fungi
  18 plants
1700 creatures vanquished.

Vanquished Creatures (collateral kills)
  A nagaraja (Snake:4)
  A deep elf sorcerer (Elf:3)
  A deep elf death mage (Elf:3)
  A merfolk impaler (Shoals:4)
  The ghost of bmj180 the Cleaver, a journeyman HOFi of Uskayaw (D:11)
  A naga warrior (Snake:4)
  A deep elf knight (Elf:3)
  A naga sharpshooter (Snake:3)
  An unseen horror (D:14)
  2 naga ritualists (Snake:4)
  A harpy (Shoals:4)
  2 deep elf magi (Elf:3)
  An orc sorcerer (Orc:2)
  A manticore (Shoals:4)
  A cyclops (D:13)
  A black mamba (shapeshifter) (Vaults:1)
  A naga mage (Snake:4)
  A merfolk (Shoals:4)
  A dream sheep (Lair:6)
  2 fire elementals
  2 yaks
  4 nagas (Snake:4)
  2 big kobolds (Sewer)
  2 bullfrogs
  An orc priest (D:8)
  A hound (D:13)
  An orc wizard (D:8)
  8 orcs
  A kobold (Sewer)
  2 crawling corpses (Elf:3)
47 creatures vanquished.

Vanquished Creatures (others)
  A deep elf demonologist (Elf:3)
  A shadow wraith (Vaults:2)
  2 deep elf magi
  An orc warrior (Orc:1)
  An orc priest (Orc:2)
  An orc wizard (Orc:1)
  2 orcs
  19 fungi
  6 plants
34 creatures vanquished.

Grand Total: 1781 creatures vanquished

Notes
Turn   | Place    | Note
-------+----------+-------------------------------------------
     0 | D:1      | troglodite the Demonspawn Berserker began the quest for the Orb.
     0 | D:1      | Reached XP level 1. HP: 18/18 MP: 1/1
   371 | D:1      | Gained mutation: You are partially covered in sharp spines. [demonic ancestry]
   371 | D:1      | Reached XP level 2. HP: 17/24 MP: 2/2
   959 | D:2      | Reached ** piety under Trog
   959 | D:2      | Gained mutation: You have a pair of small horns on your head. [demonic ancestry]
   959 | D:2      | Reached XP level 3. HP: 29/29 MP: 3/3
  1448 | D:2      | Noticed Terence
  1455 | D:2      | Killed Terence
  1455 | D:2      | Reached skill level 1 in Stealth
  1455 | D:2      | Reached XP level 4. HP: 36/36 MP: 4/4
  1504 | D:2      | Found a shimmering altar of Xom.
  1504 | D:2      | Found a shimmering altar of Xom.
  1504 | D:2      | Found a shimmering altar of Xom.
  1545 | D:2      | Noticed Natasha
  1554 | D:2      | Killed Natasha
  1575 | D:2      | Noticed Natasha
  1578 | D:2      | Killed Natasha
  1589 | D:2      | Reached XP level 5. HP: 23/42 MP: 5/5
  1828 | D:2      | Found a shimmering altar of Xom.
  1828 | D:2      | Found a shimmering altar of Xom.
  1830 | D:2      | Found a shimmering altar of Xom.
  1908 | D:2      | Noticed Natasha
  1914 | D:2      | Killed Natasha
  2000 | D:2      | Noticed Jessica
  2015 | D:2      | Killed Jessica
  2256 | D:3      | Found an iron altar of Okawaru.
  2902 | D:3      | Reached *** piety under Trog
  3156 | D:3      | Noticed a moth of wrath
  3159 | D:3      | Found a bloodstained altar of Trog.
  3393 | D:4      | Reached XP level 6. HP: 40/48 MP: 6/6
  3534 | D:4      | Found a burning altar of Makhleb.
  4149 | D:4      | Gained mutation: A weak demonic guardian rushes to your aid. [demonic ancestry]
  4149 | D:4      | Reached XP level 7. HP: 35/55 MP: 7/7
  4277 | D:4      | Found a stormy altar of Qazlal.
  4516 | D:5      | Entered Level 5 of the Dungeon
  4555 | D:5      | Noticed Sigmund
  4566 | D:5      | Killed Sigmund
  4566 | D:5      | Reached skill level 1 in Shields
  4659 | D:5      | Found a glowing drain.
  4708 | Sewer    | Entered a sewer
  4922 | Sewer    | Reached **** piety under Trog
  5506 | D:5      | Reached skill level 2 in Shields
  5559 | D:5      | Reached skill level 5 in Fighting
  5587 | D:5      | Gained mutation: You are mostly covered in sharp spines. [demonic ancestry]
  5587 | D:5      | Reached XP level 8. HP: 56/62 MP: 8/8
  5592 | D:5      | Reached skill level 5 in Long Blades
  5681 | D:5      | Found a staircase to the Ecumenical Temple.
  6231 | D:5      | Reached skill level 5 in Armour
  6613 | D:6      | Reached skill level 1 in Short Blades
  6620 | D:6      | Found a sparkling altar of Nemelex Xobeh.
  7065 | D:6      | Reached skill level 3 in Shields
  7463 | D:6      | Noticed Pikel
  7475 | D:6      | Killed Pikel
  7475 | D:6      | Gained mutation: You have a pair of horns on your head. [demonic ancestry]
  7475 | D:6      | Reached XP level 9. HP: 69/69 MP: 9/9
  7528 | D:7      | Noticed a two-headed ogre
  7536 | D:7      | Killed a two-headed ogre
  7536 | D:7      | Reached skill level 4 in Shields
  7553 | D:7      | Reached skill level 5 in Dodging
  7791 | D:7      | Found Qustuaf's General Store.
  8039 | D:7      | Reached skill level 5 in Shields
  8046 | D:7      | Reached skill level 1 in Maces & Flails
  8434 | D:7      | Found Egycuarch's Antique Armour Boutique.
  8437 | D:7      | Bought a twisted ring mail for 270 gold pieces
  8447 | D:7      | Identified the +1 ring mail "Raughobb" {rC- Str+2 Dex+10} (You bought it in a shop on level 7 of the Dungeon)
  8458 | D:7      | Found Esasog's Book Shoppe.
  8518 | D:7      | Reached XP level 10. HP: 53/77 MP: 10/10
  8711 | D:7      | Found a blossoming altar of Fedhas.
  9317 | D:8      | Noticed toffzen's ghost (novice MiAK)
  9330 | D:8      | Killed toffzen's ghost
  9330 | D:8      | Reached skill level 6 in Shields
  9543 | D:8      | Found an ancient bone altar of Kikubaaqudgha.
  9558 | D:8      | Found a radiant altar of Vehumet.
  9560 | D:8      | Reached ***** piety under Trog
  9586 | D:8      | Identified Vehumet's Volume of Battle Magic
  9603 | D:8      | Found a deep blue altar of Sif Muna.
 10033 | D:9      | Found a sacrificial altar of Ru.
 10716 | D:10     | Entered Level 10 of the Dungeon
 10716 | D:10     | Noticed a two-headed ogre
 10722 | D:10     | Killed a two-headed ogre
 11036 | D:10     | Reached skill level 7 in Shields
 11166 | D:10     | Reached XP level 11. HP: 81/85 MP: 11/11
 11328 | D:10     | Gained mutation: You are resistant to hostile enchantments. (MR+) [potion of mutation]
 11328 | D:10     | Gained mutation: You possess an exceptional clarity of mind. [potion of mutation]
 11475 | D:11     | Noticed kibaces's ghost (journeyman DrFi)
 11491 | D:11     | Killed kibaces's ghost
 11936 | D:11     | Found a staircase to the Lair.
 11953 | D:11     | Found Goid's Weapon Boutique.
 11953 | D:11     | Found a staircase to the Orcish Mines.
 11976 | D:11     | Received a gift from Trog
 12473 | D:11     | Noticed bmj180's ghost (journeyman HOFi)
 12473 | D:11     | Noticed a two-headed ogre
 12480 | D:11     | Killed a two-headed ogre
 12480 | D:11     | Reached skill level 8 in Shields
 12501 | D:11     | Killed bmj180's ghost
 14050 | D:13     | Reached skill level 9 in Shields
 14180 | D:13     | Noticed a centaur warrior
 14192 | D:13     | Killed a centaur warrior
 14192 | D:13     | Gained mutation: You are partially covered in rugged brown scales. (AC +1, +3% HP) [demonic ancestry]
 14192 | D:13     | Reached XP level 12. HP: 49/96 MP: 12/12
 14222 | D:13     | Received a gift from Trog
 14466 | D:13     | Noticed a centaur warrior
 14491 | D:13     | Killed a centaur warrior
 14885 | D:14     | Noticed a two-headed ogre
 14887 | D:14     | Noticed a death knight
 14888 | D:14     | Noticed a two-headed ogre
 14889 | D:14     | Noticed an ogre mage
 15195 | D:13     | Killed a two-headed ogre
 15195 | D:13     | Reached skill level 10 in Shields
 15306 | D:13     | Killed a two-headed ogre
 15337 | D:14     | Killed an ogre mage
 15815 | Orc:1    | Entered Level 1 of the Orcish Mines
 15834 | Orc:1    | Noticed Josephine
 16060 | Orc:1    | Killed Josephine
 16177 | Orc:1    | Noticed Nergalle
 16186 | Orc:1    | Killed Nergalle
 16615 | Orc:2    | Entered Level 2 of the Orcish Mines
 16615 | Orc:2    | Found a roughly hewn altar of Beogh.
 16646 | Orc:1    | Reached XP level 13. HP: 88/104 MP: 13/13
 16807 | Orc:2    | Reached ****** piety under Trog
 16809 | Orc:2    | Noticed Azrael
 17103 | Orc:2    | Killed Azrael
 17107 | Orc:1    | Reached skill level 11 in Shields
 17333 | Orc:1    | Received a gift from Trog
 17355 | Orc:2    | Noticed an orc warlord
 17398 | Orc:1    | Killed an orc warlord
 18847 | Orc:2    | Found Faaloc's General Store.
 18861 | Orc:2    | Found a staircase to the Elven Halls.
 18867 | Orc:2    | Found Ugynkor's Antique Armour Shoppe.
 18900 | Orc:2    | Found Esirapu's Armour Boutique.
 18942 | Orc:2    | Found Benlosh's Book Emporium.
 18950 | Orc:2    | Found Fafesch's Antique Weapon Shop.
 18972 | Orc:2    | Found Ytiwyu Tuse's Jewellery Shop.
 19006 | Orc:2    | Noticed Nessos
 19016 | Orc:2    | Killed Nessos
 19335 | Orc:2    | Found Puwiuric's Antique Weapon Shop.
 19350 | Orc:2    | Found Hotishay's General Store.
 19525 | Orc:1    | Noticed an ettin
 19538 | Orc:1    | Killed an ettin
 19538 | Orc:1    | Reached skill level 10 in Fighting
 19934 | Orc:1    | Noticed Maurice
 19946 | Orc:1    | Killed Maurice
 19946 | Orc:1    | Received a gift from Trog
 20337 | Orc:2    | Bought a bone rapier for 324 gold pieces
 20337 | Orc:2    | Identified the +3 rapier of False Accusations {freeze, rF+ MR- Str+5 Dex+4} (You bought it in a shop on level 2 of the Orcish Mines)
 20427 | Orc:2    | Bought a +1 pair of boots for 172 gold pieces
 20492 | Lair:1   | Entered Level 1 of the Lair of Beasts
 20538 | Lair:1   | Noticed Prince Ribbit
 20567 | Lair:1   | Killed Prince Ribbit
 20594 | Lair:1   | Noticed Gastronok
 20607 | Lair:1   | Killed Gastronok
 20607 | Lair:1   | Received a gift from Trog
 20728 | Lair:1   | Gained mutation: You are completely covered in sharp spines. [demonic ancestry]
 20728 | Lair:1   | Reached XP level 14. HP: 113/113 MP: 14/14
 21051 | Lair:1   | Reached skill level 12 in Shields
 21608 | Lair:2   | Found a staircase to the Snake Pit.
 22056 | Lair:3   | Reached skill level 5 in Short Blades
 22127 | Lair:3   | Noticed Harold
 22133 | Lair:3   | Killed Harold
 22457 | Lair:3   | Found a staircase to the Shoals.
 23034 | Lair:4   | Got a scorched dagger
 23035 | Lair:4   | Identified the +7 dagger "Peufud" {pierce, Int+3} (You found it on level 4 of the Lair of Beasts)
 23433 | Lair:4   | Got a jewelled scale mail
 23444 | Lair:4   | Identified the +2 scale mail of Umekk {Str+2} (You found it on level 4 of the Lair of Beasts)
 23830 | Lair:4   | Received a gift from Trog
 24271 | Lair:5   | Reached skill level 5 in Stealth
 24468 | Lair:5   | Reached skill level 10 in Dodging
 24812 | Lair:6   | Entered Level 6 of the Lair of Beasts
 24821 | Lair:6   | Reached skill level 10 in Armour
 25152 | Lair:6   | Received a gift from Trog
 25167 | Lair:6   | Got a slimy great mace {god gift}
 25173 | Lair:6   | Identified the +9 great mace of Exuyng {antimagic, Int+7} (Trog gifted it to you on level 6 of the Lair of Beasts)
 25670 | Lair:6   | Reached XP level 15. HP: 112/121 MP: 15/15
 26005 | Lair:6   | Found a staircase to the Slime Pits.
 26443 | Lair:6   | Found a runed door.
 26568 | Lair:6   | Paralysed by a hornet for 2 turns
 27145 | Shoals:1 | Entered Level 1 of the Shoals
 27257 | Shoals:1 | Reached skill level 13 in Shields
 28244 | Shoals:1 | Received a gift from Trog
 28381 | Shoals:1 | Received a gift from Trog
 29548 | Shoals:1 | HP: 4/123 [merfolk aquamancer/rapier of holy wrath (7)]
 30215 | Shoals:2 | Got a smelly plate armour
 30230 | Shoals:2 | Identified the +7 plate armour "Wuet" {rF- MR+++ Dex+7} (You found it on level 2 of the Shoals)
 31293 | Shoals:4 | Entered Level 4 of the Shoals
 31293 | Shoals:4 | Noticed Mara
 31377 | Shoals:4 | Gained mutation: You have a pair of large horns on your head. [demonic ancestry]
 31377 | Shoals:4 | Reached XP level 16. HP: 43/130 MP: 16/16
 31730 | Shoals:3 | Received a gift from Trog
 32106 | Shoals:4 | Reached skill level 14 in Shields
 32579 | Shoals:4 | Noticed troglodite's illusion
 32700 | Shoals:4 | Noticed troglodite's illusion
 32701 | Shoals:4 | Killed Mara
 33014 | Shoals:4 | Noticed Ilsuiw
 33201 | Shoals:4 | Killed Ilsuiw
 33583 | Shoals:4 | Noticed Donald
 33596 | Shoals:4 | Killed Donald
 33871 | Shoals:4 | Reached skill level 15 in Shields
 34985 | Shoals:4 | Got a barnacled rune of Zot
 35016 | Shoals:4 | Received a gift from Trog
 35734 | D:14     | Gained mutation: You are mostly covered in rugged brown scales. (AC +2, +5% HP) [demonic ancestry]
 35734 | D:14     | Reached XP level 17. HP: 123/141 MP: 17/17
 35947 | D:14     | Noticed Snorg
 35961 | D:14     | Killed Snorg
 36429 | D:14     | Found a gate to the Vaults.
 36703 | D:15     | Entered Level 15 of the Dungeon
 36888 | D:15     | Found Jelatrofi's Food Shoppe.
 37142 | D:15     | Found a staircase to the Depths.
 37751 | Snake:1  | Entered Level 1 of the Snake Pit
 38253 | Snake:1  | Found Fascheask's Jewellery Shop.
 38253 | Snake:1  | Found Pits's Distillery.
 38464 | Snake:1  | Noticed Nikola
 38489 | Snake:1  | Killed Nikola
 38565 | Snake:1  | Received a gift from Trog
 38947 | Snake:1  | You fall through a shaft!
 39115 | Snake:2  | Noticed Saint Roka
 39140 | Snake:2  | Killed Saint Roka
 39140 | Snake:2  | Reached skill level 16 in Shields
 39356 | Snake:2  | Noticed Agnes
 39369 | Snake:2  | Killed Agnes
 39631 | Snake:1  | Found Titt's Armour Shoppe.
 39658 | Snake:1  | Received a gift from Trog
 41248 | Snake:3  | Found Joigamem's Antique Armour Shop.
 41530 | Snake:3  | Reached XP level 18. HP: 151/151 MP: 18/18
 42266 | Snake:4  | Entered Level 4 of the Snake Pit
 42280 | Snake:4  | Received a gift from Trog
 43702 | Snake:4  | Received a gift from Trog
 43939 | Snake:4  | Found Jiskuoc's General Store.
 43958 | Snake:4  | Bought a scroll of enchant armour for 97 gold pieces
 44764 | Snake:4  | Got a warped hand axe
 44783 | Snake:4  | Identified the cursed +2 hand axe "Teqan" {freeze, rElec Int+2} (You found it on level 4 of the Snake Pit)
 44833 | Snake:4  | Got a serpentine rune of Zot
 45062 | Vaults:1 | Entered Level 1 of the Vaults
 45163 | Vaults:1 | Reached skill level 17 in Shields
 45575 | Vaults:1 | Received a gift from Trog
 45976 | Vaults:1 | Found a portal to a secret trove of treasure.
 46471 | Vaults:2 | Gained mutation: Your flesh is heat resistant. (rF+) [demonic ancestry]
 46471 | Vaults:2 | Reached XP level 19. HP: 155/159 MP: 19/19
 46500 | Vaults:2 | Found a staircase to the Crypt.
 47270 | Vaults:2 | Received a gift from Trog
 47465 | Vaults:2 | Got a pitted scimitar
 47975 | Vaults:2 | Received a gift from Trog
 47983 | Vaults:2 | Got an ichor-stained battleaxe {god gift}
 47989 | Vaults:2 | Identified the +8 battleaxe "Qeegis" {flame, Int+2} (Trog gifted it to you on level 2 of the Vaults)
 48175 | Vaults:2 | Reached skill level 10 in Short Blades
 48446 | Vaults:2 | Reached skill level 18 in Shields
 48714 | Elf:1    | Entered Level 1 of the Elven Halls
 48769 | Elf:1    | Found Xaenwiniesh's Gadget Emporium.
 49045 | Elf:1    | Noticed Asterion
 49061 | Elf:1    | Killed Asterion
 49517 | Elf:1    | Received a gift from Trog
 50044 | Elf:2    | Reached skill level 15 in Fighting
 50157 | Elf:2    | Found a runed gate.
 50157 | Elf:2    | Found a runed gate.
 50157 | Elf:2    | Found a runed gate.
 50563 | Elf:2    | Gained mutation: You are immune to clouds of flame. [demonic ancestry]
 50563 | Elf:2    | Reached XP level 20. HP: 144/170 MP: 20/20
 50571 | Elf:2    | Received a gift from Trog
 51216 | Elf:3    | Entered Level 3 of the Elven Halls
 51329 | Elf:3    | Found Letwuj's Distillery.
 51352 | Elf:3    | Bought a potion of heal wounds for 75 gold pieces
 51352 | Elf:3    | Bought a potion of heal wounds for 75 gold pieces
 51352 | Elf:3    | Bought a potion of heal wounds for 75 gold pieces
 51549 | Elf:3    | Received a gift from Trog
 51556 | Elf:3    | Reached skill level 19 in Shields
 51897 | Elf:3    | Got an ichor-stained scale mail
 51910 | Elf:3    | Got a pair of fine boots
 51951 | Elf:3    | Identified the +2 pair of boots of a volcano {rF+} (You found it on level 3 of the Elven Halls)
 52020 | Elf:3    | Identified the +3 scale mail of Wrong Decisions {rCorr Int+9} (You found it on level 3 of the Elven Halls)
 52034 | Elf:3    | Got a scorched glass ring
 52042 | Elf:3    | Got a smoking war axe
 52123 | Elf:3    | Identified the +4 war axe "Mecievag" {venom, *Rage *Noise Int+5 SInv} (You found it on level 3 of the Elven Halls)
 52128 | Elf:3    | Identified the ring "Bean" {*Drain rN+ Str+2 Dex+4} (You took it off a deep elf blademaster on level 3 of the Elven Halls)
 52198 | Elf:3    | Got a smoking brass ring
 52200 | Elf:3    | Identified the ring "Koom" {EV+3 Int+5 Dex+7 Stlth-} (You took it off a deep elf death mage on level 3 of the Elven Halls)
 52224 | Elf:3    | Got a brightly glowing silver ring
 52322 | Elf:3    | Received a gift from Trog
 52999 | Vaults:3 | Noticed Frederick
 53020 | Vaults:3 | Killed Frederick
 53353 | Vaults:3 | Found a shattered altar of Ashenzari.
 53411 | Vaults:3 | Found Luffitix's Assorted Antiques.
 53471 | Vaults:3 | Found Oneil's Assorted Antiques.
 53480 | Vaults:3 | Bought a scroll of enchant armour for 217 gold pieces
 53481 | Vaults:3 | Identified the ring of Leoloycu {rElec MP+9 Int+6 Stlth+} (You took it off a deep elf death mage on level 3 of the Elven Halls)
 53700 | Vaults:3 | Reached skill level 15 in Armour
 53834 | Vaults:3 | Reached XP level 21. HP: 178/178 MP: 21/21
 53878 | Vaults:3 | Received a gift from Trog
 54474 | Vaults:3 | Found Soirar's Magic Scroll Boutique.
 54607 | Vaults:3 | Found Lazogyho's Food Shoppe.
 54627 | Vaults:3 | Found Deides's Antique Armour Shoppe.
 54926 | Vaults:4 | Noticed Aizul
 54947 | Vaults:4 | Killed Aizul
 54947 | Vaults:4 | Reached skill level 20 in Shields
 55281 | Vaults:4 | Received a gift from Trog
 55690 | Vaults:4 | Received a gift from Trog
 56424 | Vaults:5 | Entered Level 5 of the Vaults
 56759 | Vaults:5 | Reached XP level 22. HP: 156/189 MP: 22/22
 56999 | Vaults:4 | Reached skill level 21 in Shields
 57254 | Vaults:5 | Received a gift from Trog
 57625 | Vaults:5 | Noticed a golden dragon
 57696 | Vaults:5 | Killed a golden dragon
 57747 | Vaults:5 | Noticed a golden dragon
 57760 | Vaults:5 | Killed a golden dragon
 57968 | Vaults:5 | Received a gift from Trog
 58261 | Vaults:5 | Received a gift from Trog
 58288 | Vaults:5 | Got a silver rune of Zot
 58357 | Vaults:5 | Noticed an ancient lich
 58400 | Vaults:5 | HP: 3/190 [ancient lich/bolt of acid (48)]
 58400 | Vaults:5 | Splashed by an ancient lich's acid

Skill      XL: |  1  2  3  4  5  6  7  8  9 10 11 12 13 14 15 16 17 18 19 20 21 22 |
---------------+-------------------------------------------------------------------+-----
Armour         | 2 3 4 5 6 7 8 9 10 12 13 14 15 | 15.7
Long Blades    | 3 4 5 6 7 8 9 |  9.6
Dodging        | 2 3 4 5 6 7 8 9 10 11 12 13 14 | 14.7
Stealth        | 1 2 3 4 5 6 7 |  7.0
Fighting       | 4 5 6 7 8 9 10 11 12 13 14 15 16 17 | 17.1
Shields        | 2 3 5 7 9 10 11 12 13 15 16 17 18 19 20 21 | 21.6
Short Blades   | 2 3 4 6 8 9 10 11 | 11.5
Maces & Flails | 1 2 |  2.0

Action                   |  1- 3 |  4- 6 |  7- 9 | 10-12 | 13-15 | 16-18 | 19-21 | 22-24 || total
-------------------------+-------+-------+-------+-------+-------+-------+-------+-------++-------
Melee: Falchion          |    86 |    90 |   155 |   655 |   219 |       |       |       ||  1205
       Headbutt          |     5 |    28 |    80 |   318 |   576 |   724 |   907 |   284 ||  2922
       Rapier            |       |       |    77 |       |    41 |       |       |       ||   118
       Whip              |       |       |   106 |    55 |       |       |       |       ||   161
       Quick blade       |       |       |       |       |  1219 |  1941 |  2268 |   545 ||  5973
Invok: Berserk           |     2 |     4 |     4 |    14 |    11 |     3 |     3 |       ||    41
       Burn Spellbooks   |       |       |     1 |     3 |     3 |     3 |     4 |       ||    14
       Brothers in Arms  |       |       |       |     1 |       |     2 |     4 |     1 ||     8
  Use: Scroll            |       |       |    11 |    13 |    17 |    10 |     7 |     1 ||    59
       Potion            |       |       |       |     1 |       |     2 |     3 |     4 ||    10
 Stab: Sleeping          |     1 |     2 |     1 |     8 |    12 |       |       |       ||    24
       Distracted        |       |       |     2 |     4 |    13 |    13 |    13 |     4 ||    49
  Eat: Chunk             |     3 |     8 |    18 |    23 |    44 |    19 |    12 |     3 ||   130
       Meat ration       |       |     1 |       |     2 |     2 |       |       |       ||     5
       Bread ration      |       |       |       |     1 |     1 |     8 |     5 |     1 ||    16
       Royal jelly       |       |       |       |     2 |       |       |       |       ||     2
       Fruit             |       |       |       |       |       |       |       |     1 ||     1
Armor: Animal skin       |     4 |       |       |       |       |       |       |       ||     4
       Ring mail         |    15 |    31 |    72 |   101 |   148 |       |       |       ||   367
       Plate armour      |       |       |       |       |    27 |   381 |   281 |    61 ||   750
       Skin              |       |       |       |       |       |       |    20 |       ||    20
Dodge: Dodged            |    51 |    44 |   120 |   283 |   449 |   353 |   480 |   117 ||  1897
Block: Shield            |       |    13 |   161 |   510 |   701 |   854 |   947 |   219 ||  3405
       Rpst.: Falchion   |    15 |    13 |    15 |    72 |    29 |       |       |       ||   144
